 Dungeon Crawl Stone Soup version 0.26-a0-844-g3dd439832f (webtiles) character file.

Game seed: 14074662896926698196

67 strangeking the Ruffian (level 4, -3/44 HPs)
             Began as a Troll Fighter on Nov 18, 2020.
             Slain by a gnoll
             ... wielding a +0 spear
              (6 damage)
             ... on level 2 of the Dungeon.
             The game lasted 00:09:51 (1073 turns).

strangeking the Ruffian (Troll Fighter)             Turns: 1073, Time: 00:09:51

Health: -3/44      AC:  6    Str: 25    XL:     4   Next: 0%
Magic:  3/3        EV:  8    Int:  4    God:
Gold:   96         SH:  9    Dex:  9    Spells: 3/3 levels left

rFire    . . .     SeeInvis .     - Unarmed
rCold    . . .     Faith    .   b - +0 kite shield
rNeg     . . .     Spirit   .   a - +0 robe
rPois    .         Reflect  .   (helmet restricted)
rElec    .         Harm     .   (no cloak)
rCorr    .         Rampage  .   (gloves unavailable)
MR       .....                  (boots unavailable)
Stlth    +.........             (no amulet)
HPRegen  0.54/turn              (no ring)
MPRegen  0.08/turn              (no ring)

@: no status effects
A: large, unfitting armour, claws 3, regeneration 1, shaggy fur 1, tough skin 3
a: no special abilities


You were on level 2 of the Dungeon.
You visited 1 branch of the dungeon, and saw 2 of its levels.

You collected 96 gold pieces.

Inventory:

Hand Weapons
 g - a +0 hunting sling
 i - a +1 dagger of electrocution
Missiles
 d - 105 stones (quivered)
Armour
 a - a +0 robe (worn)
 b - a +0 kite shield (worn)
Scrolls
 f - a scroll of fog {unknown}
 h - 2 scrolls of immolation {unknown}
 j - a scroll of fear {unknown}
 k - 2 scrolls of remove curse {unknown}
Potions
 c - a potion of might
 e - a potion of cancellation {unknown}


   Skills:
 + Level 2.7 Fighting
 + Level 0.5 Short Blades
 + Level 2.8 Dodging
 + Level 2.8 Shields
 * Level 2.9 Unarmed Combat


You had 3 spell levels left.
You didn't know any spells.
Your spell library was empty.

Dungeon Overview and Level Annotations

Branches:
Dungeon (2/15)

Altars:


Innate Abilities, Weirdness & Mutations

You are too large for most types of armour.
You have claws for hands.
Your natural rate of healing is unusually fast.
You are covered in fur. (AC +1)
You have extremely tough skin. (AC +3)


Message History

* * * LOW HITPOINT WARNING * * *
The gnoll hits you with a +0 halberd.
* * * LOW HITPOINT WARNING * * *
You scratch the gnoll.
The gnoll is severely wounded.
The gnoll hits you with a +0 spear.
* * * LOW HITPOINT WARNING * * *
The gnoll barely misses you. The gnoll hits you but does no damage.
You block the gnoll's attack. You block the gnoll's attack.
The gnoll hits you but does no damage.
You completely miss the gnoll.
The gnoll is severely wounded.
You block the gnoll's attack. The gnoll barely misses you.
You scratch the gnoll but do no damage.
The gnoll is severely wounded.
The gnoll hits you with a +0 halberd!
* * * LOW HITPOINT WARNING * * *
The gnoll hits you from afar with a +0 spear.
You die...

#............(...#
##############.†...# ....
#.....# #........# ....
#.....# #........# ....
#.....# #........####...
#.....#####........#......
#..................#......
#..................#......
##.......@.........#.....#
##.......g..............##
#..........g............#
#.......................#
#....##.........##......#
#....##.........#..g...###
#....##.........#g........
#....##.........#.........
#..(.##....†.......###....


You could see 2 gnolls.

Vanquished Creatures
  A gnoll (D:2)
  An adder (D:2)
  An ooze (D:1)
  2 dart slugs (D:1)
  A leopard gecko (D:2)
  4 giant cockroaches (D:1)
  3 goblins
  5 hobgoblins (D:1)
  8 kobolds (D:1)
  5 bats (D:1)
  A frilled lizard (D:2)
  8 rats
40 creatures vanquished.

Notes
Turn   | Place    | Note
-------+----------+-------------------------------------------
     0 | D:1      | strangeking the Troll Fighter began the quest for the Orb.
     0 | D:1      | Reached XP level 1. HP: 22/22 MP: 0/0
   190 | D:1      | Reached XP level 2. HP: 28/29 MP: 1/1
   518 | D:1      | Reached XP level 3. HP: 36/36 MP: 2/2
  1048 | D:2      | Reached XP level 4. HP: 21/44 MP: 3/3
  1052 | D:2      | HP: 2/44 [gnoll/+0 spear (3)]
  1073 | D:2      | Slain by a gnoll

Illustrated notes

Levels and vault maps discovered:
D:1:      dpeg_arrival_tiny_e, layout_loops_corners, minmay_heptomino_w4
D:2:      layout_basic

Action                   |  1- 3 |  4- 6 || total
-------------------------+-------+-------++-------
Melee: Unarmed           |   124 |     6 ||   130
 Fire: Hunting sling     |     4 |       ||     4
Armor: Robe              |    43 |     3 ||    46
Dodge: Dodged            |    36 |     4 ||    40
Block: Kite shield       |    50 |     3 ||    53

Table legend: (Time is in decaauts)
 A = Elapsed time spent in this place.
 B = Non-inter-level travel time spent in this place.
 C = Inter-level travel time spent in this place.
 D = Time resting spent in this place.
 E = Time spent auto-exploring this place.
 F = Levels seen in this place.
 G = Mean time per level.
                   A        B        C        D        E       F      G
               +--------+--------+--------+--------+--------+-----+--------+
         Total |   1076 |   1076 |      0 |      0 |    403 |   2 |  538.0 |
       Dungeon |   1076 |   1076 |      0 |      0 |    403 |   2 |  538.0 |
               +--------+--------+--------+--------+--------+-----+--------+

Top non-repeatable levels by time:
     D:1: 889 daAuts
     D:2: 186 daAuts
